TOP OF THE 1ST |
Merida Olas batting - Pitching for La Ceiba Manatees : RHP Antonio Atayde
|
Pitching: RHP Antonio Atayde
|
|
Batting: RHB Scott Fletcher
|
0-0: Called Strike 0-1: Called Strike 0-2: SINGLE (Groundball, 6S, EV 66.9 MPH) (infield hit)
|
Batting: RHB Lee Muszynski
|
0-0: Ball 1-0: Ball 2-0: Foul Ball, location: 2F 2-1: Ball 3-1: Fielders Choice at 2nd, 4-6 (Groundball, 4, EV 87.5 MPH)
|
Batting: RHB Barry Evans
|
0-0: Foul Ball, location: 2F 0-1: Ball 1-1: Ball 2-1: Ball 3-1: Foul Ball, location: 2F 3-2: Fly out, F8 (Flyball, 8LM, EV 91.3 MPH)
|
Batting: RHB Willie Darkis
|
0-0: Ball Pickoff Throw to First - Out! 1-3
|
Top of the 1st over - 0 runs, 1 hit, 0 errors, 0 left on base; Merida 0 - La Ceiba 0 |
BOTTOM OF THE 1ST |
La Ceiba Manatees batting - Pitching for Merida Olas : LHP Dave Dravecky
|
Pitching: LHP Dave Dravecky
|
|
Batting: SHB Wayne Rudolph
|
0-0: Ground out 4-3 (Groundball, 4, EV 79.4 MPH)
|
Batting: LHB Bob Skube
|
0-0: Ball 1-0: Ball 2-0: Called Strike 2-1: Fly out, F8 (Flyball, 8LS, EV 86.3 MPH)
|
Batting: RHB Juan Villa
|
0-0: Ball 1-0: Ball 2-0: Ball 3-0: Called Strike 3-1: Foul Ball, location: 2F 3-2: Foul Ball, location: 2F 3-2: Fly out, F7 (Flyball, 7S, EV 85.0 MPH)
|
Bottom of the 1st over - 0 runs, 0 hits, 0 errors, 0 left on base; Merida 0 - La Ceiba 0 |
TOP OF THE 2ND |
Merida Olas batting - Pitching for La Ceiba Manatees : RHP Antonio Atayde
|
Batting: RHB Willie Darkis
|
0-0: Called Strike 0-1: Ball 1-1: Foul Ball, location: 2F 1-2: Foul Ball, location: 2F 1-2: Strikes out swinging
|
Batting: RHB Dave F Schmidt
|
0-0: Called Strike 0-1: Ball 1-1: Foul Ball, location: 2F 1-2: Ball 2-2: Foul Ball, location: 2F 2-2: Foul Ball, location: 2F 2-2: SINGLE (Line Drive, 34, EV 97.5 MPH)
|
Batting: RHB Dave Henderson
|
0-0: Ball Pickoff Throw to First - Error! E1 Dave F Schmidt to second 1-0: Called Strike 1-1: Ball 2-1: Called Strike 2-2: Ball 3-2: Strikes out looking
|
Batting: RHB Leroy Stanton
|
0-0: Ball 1-0: Ball 2-0: SINGLE (Line Drive, 8RS, EV 101.9 MPH) Dave F Schmidt to third
|
Batting: SHB Bryan Little
|
0-0: Foul Ball, location: 2F 0-1: Fielders Choice at 2nd, 6-4 (Groundball, 6, EV 80.0 MPH)
|
Top of the 2nd over - 0 runs, 2 hits, 1 error, 2 left on base; Merida 0 - La Ceiba 0 |
BOTTOM OF THE 2ND |
La Ceiba Manatees batting - Pitching for Merida Olas : LHP Dave Dravecky
|
Batting: RHB Rich Murray
|
0-0: Ball 1-0: Ball 2-0: Swinging Strike 2-1: Called Strike 2-2: Ball 3-2: Foul Ball, location: 2F 3-2: Foul Ball, location: 2F 3-2: Base on Balls
|
Batting: LHB Al Chambers
|
0-0: Called Strike 0-1: Ball 1-1: Foul Ball, location: 2F 1-2: 2-RUN HOME RUN (Flyball, 9D, EV 105.0 MPH), Distance : 372 ft
|
Batting: RHB Nicholas Kintz
|
0-0: Swinging Strike 0-1: Fly out, F8 (Flyball, 8LM, EV 88.1 MPH)
|
Batting: LHB William Gifford
|
0-0: Called Strike 0-1: Foul Ball, location: 2F 0-2: Ball 1-2: Foul Ball, location: 2F 1-2: Strikes out swinging, 2-3 out at first.
|
Batting: SHB Bruce Hines
|
0-0: Ball 1-0: Foul Ball, location: 2F 1-1: Ball 2-1: Foul Ball, location: 2F 2-2: Ground out 5-3 (Groundball, 5S, EV 74.4 MPH)
|
Bottom of the 2nd over - 2 runs, 1 hit, 0 errors, 0 left on base; Merida 0 - La Ceiba 2 |
TOP OF THE 3RD |
Merida Olas batting - Pitching for La Ceiba Manatees : RHP Antonio Atayde
|
Batting: RHB Mike Gatlin
|
0-0: Swinging Strike 0-1: Called Strike 0-2: Foul Ball, location: 2F 0-2: Ball 1-2: Ground out 6-3 (Groundball, 6, EV 82.5 MPH)
|
Batting: RHB Scott Fletcher
|
0-0: Ball 1-0: Called Strike 1-1: Foul Ball, location: 2F 1-2: Foul Ball, location: 2F 1-2: Foul Ball, location: 2F 1-2: Ground out 6-3 (Groundball, 6, EV 95.6 MPH)
|
Batting: RHB Lee Muszynski
|
0-0: Foul Ball, location: 2F 0-1: Ball 1-1: Ball 2-1: Ground out U3 (Groundball, 34, EV 93.1 MPH)
|
Top of the 3rd over - 0 runs, 0 hits, 0 errors, 0 left on base; Merida 0 - La Ceiba 2 |
BOTTOM OF THE 3RD |
La Ceiba Manatees batting - Pitching for Merida Olas : LHP Dave Dravecky
|
Batting: LHB Dave Sanchez
|
0-0: Called Strike 0-1: Ball 1-1: Called Strike 1-2: Foul Ball, location: 2F 1-2: SINGLE (Groundball, 56D, EV 100.0 MPH)
|
Batting: SHB Wayne Rudolph
|
0-0: Ball 1-0: Ball 2-0: Called Strike 2-1: SINGLE (Flyball, 5D, EV 91.9 MPH) Dave Sanchez to second
|
Batting: LHB Bob Skube
|
0-0: Called Strike 0-1: Foul Ball, location: 2F 0-2: Ball 1-2: Ball 2-2: Foul Ball, location: 2F 2-2: Ground out 4-3 (Groundball, 34D, EV 103.1 MPH) Dave Sanchez to third Wayne Rudolph to second
|
Batting: RHB Juan Villa
|
0-0: Ball 1-0: Ball 2-0: Foul Ball, location: 2F 2-1: Foul Ball, location: 2F 2-2: Reached on error, E7 (Flyball, 78S, EV 77.5 MPH) Dave Sanchez scores Wayne Rudolph to third
|
Batting: RHB Rich Murray
|
0-0: Ball 1-0: Ball 2-0: SINGLE (Line Drive, 4MD, EV 108.1 MPH) Wayne Rudolph scores Juan Villa to second
|
Batting: LHB Al Chambers
|
0-0: Foul Ball, location: 2F 0-1: Fly out, F9 (Line Drive, 9, EV 98.8 MPH)
|
Batting: RHB Nicholas Kintz
|
0-0: Foul Ball, location: 2F 0-1: Called Strike 0-2: Foul Ball, location: 2F 0-2: Ball 1-2: TRIPLE (Groundball, 3L, EV 102.5 MPH) Juan Villa scores Rich Murray scores
|
Pitching: RHP Mario Heredia
|
|
Batting: LHB William Gifford
|
0-0: Called Strike 0-1: Ball 1-1: Foul Ball, location: 2F 1-2: Ball 2-2: Ball 3-2: SINGLE (Groundball, 2R, EV 67.5 MPH) (infield hit) Nicholas Kintz scores
|
Batting: SHB Bruce Hines
|
0-0: Ball 1-0: Ball 2-0: Foul Ball, location: 2F 2-1: Foul Ball, location: 2F 2-2: Foul Ball, location: 2F 2-2: Strikes out swinging
|
Bottom of the 3rd over - 5 runs, 5 hits, 1 error, 1 left on base; Merida 0 - La Ceiba 7 |
TOP OF THE 4TH |
Merida Olas batting - Pitching for La Ceiba Manatees : RHP Antonio Atayde
|
Batting: RHB Barry Evans
|
0-0: Called Strike 0-1: Ball 1-1: Foul Ball, location: 2F 1-2: Strikes out looking
|
Batting: RHB Willie Darkis
|
0-0: Called Strike 0-1: Ball 1-1: Ball 2-1: Foul Ball, location: 2F 2-2: Strikes out swinging
|
Batting: RHB Dave F Schmidt
|
0-0: Called Strike 0-1: Foul Ball, location: 2F 0-2: Strikes out swinging
|
Top of the 4th over - 0 runs, 0 hits, 0 errors, 0 left on base; Merida 0 - La Ceiba 7 |
BOTTOM OF THE 4TH |
La Ceiba Manatees batting - Pitching for Merida Olas : RHP Mario Heredia
|
Batting: LHB Dave Sanchez
|
0-0: Fly out, F7 (Flyball, 78M, EV 88.1 MPH)
|
Batting: SHB Wayne Rudolph
|
0-0: Called Strike 0-1: Ball 1-1: SINGLE (Groundball, 56D, EV 95.0 MPH)
|
Batting: LHB Bob Skube
|
0-0: Ball 1-0: Ball 2-0: Foul Ball, location: 2F 2-1: Foul Ball, location: 2F 2-2: Ball 3-2: Foul Ball, location: 2F 3-2: Fielders Choice at 2nd, 4-6 (Groundball, 4, EV 98.1 MPH)
|
Batting: RHB Juan Villa
|
0-0: Ball 1-0: Ball 2-0: Swinging Strike 2-1: Ball 3-1: Base on Balls Bob Skube to second
|
Batting: RHB Rich Murray
|
0-0: Ball 1-0: Foul Ball, location: 2F 1-1: Ball 2-1: Ball 3-1: Foul Ball, location: 2F 3-2: Base on Balls Bob Skube to third Juan Villa to second
|
Batting: LHB Al Chambers
|
0-0: Called Strike 0-1: Called Strike 0-2: Ball 1-2: Ball 2-2: Strikes out swinging
|
Bottom of the 4th over - 0 runs, 1 hit, 0 errors, 3 left on base; Merida 0 - La Ceiba 7 |
TOP OF THE 5TH |
Merida Olas batting - Pitching for La Ceiba Manatees : RHP Antonio Atayde
|
Batting: RHB Dave Henderson
|
0-0: Called Strike 0-1: Ball 1-1: Ball 2-1: Foul Ball, location: 2F 2-2: Foul Ball, location: 2F 2-2: Strikes out looking
|
Batting: RHB Leroy Stanton
|
0-0: Swinging Strike 0-1: Swinging Strike 0-2: Ball 1-2: Ground out 6-3 (Groundball, 6M, EV 100.6 MPH)
|
Batting: SHB Bryan Little
|
0-0: Ball 1-0: Called Strike 1-1: Ball 2-1: SINGLE (Groundball, 34D, EV 102.5 MPH)
|
Batting: RHB Mike Gatlin
|
0-0: Ball 1-0: Ball 2-0: Fly out, F9 (Line Drive, 9, EV 95.0 MPH)
|
Top of the 5th over - 0 runs, 1 hit, 0 errors, 1 left on base; Merida 0 - La Ceiba 7 |
BOTTOM OF THE 5TH |
La Ceiba Manatees batting - Pitching for Merida Olas : RHP Mario Heredia
|
Batting: RHB Nicholas Kintz
|
0-0: Foul Ball, location: 2F 0-1: DOUBLE (Line Drive, 89D, EV 110.6 MPH)
|
Batting: LHB William Gifford
|
0-0: Ball Passed Ball! Nicholas Kintz to third 1-0: Called Strike 1-1: Ball 2-1: Foul Ball, location: 2F 2-2: Foul Ball, location: 2F 2-2: Ball 3-2: Base on Balls
|
Batting: SHB Bruce Hines
|
0-0: Ball 1-0: Ball 2-0: Ball 3-0: Called Strike 3-1: Fielders Choice at 2nd, 6-4 (Groundball, 56, EV 78.8 MPH) Nicholas Kintz scores
|
Batting: LHB Dave Sanchez
|
0-0: Ball 1-0: Called Strike 1-1: Foul Ball, location: 2F 1-2: Strikes out swinging
|
Batting: SHB Wayne Rudolph
|
0-0: Called Strike 0-1: Foul Ball, location: 2F 0-2: Ball 1-2: Ground out 1-3 (Groundball, 34S, EV 88.8 MPH)
|
Bottom of the 5th over - 1 run, 1 hit, 0 errors, 1 left on base; Merida 0 - La Ceiba 8 |
TOP OF THE 6TH |
Merida Olas batting - Pitching for La Ceiba Manatees : RHP Antonio Atayde
|
Batting: RHB Scott Fletcher
|
0-0: Ball 1-0: Ball 2-0: Fly out, F7 (Flyball, 7D, EV 74.4 MPH)
|
Batting: RHB Lee Muszynski
|
0-0: Ground out 3-1 (Groundball, 34, EV 87.5 MPH)
|
Batting: RHB Barry Evans
|
0-0: Called Strike 0-1: Ball 1-1: Ball 2-1: Ball 3-1: Foul Ball, location: 2F 3-2: Base on Balls
|
Batting: RHB Willie Darkis
|
0-0: Called Strike 0-1: Ball 1-1: Ball 2-1: Fly out, F8 (Flyball, 8RM, EV 92.5 MPH)
|
Top of the 6th over - 0 runs, 0 hits, 0 errors, 1 left on base; Merida 0 - La Ceiba 8 |
BOTTOM OF THE 6TH |
La Ceiba Manatees batting - Pitching for Merida Olas : RHP Mario Heredia
|
Batting: LHB Bob Skube
|
0-0: Ball 1-0: SINGLE (Line Drive, 3D, EV 111.9 MPH)
|
Pitching: LHP Glen Tackitt
|
|
Batting: RHB Juan Villa
|
0-0: Ball 1-0: Foul Ball, location: 2F 1-1: SINGLE (Groundball, 56D, EV 98.8 MPH) Bob Skube to second
|
Batting: RHB Rich Murray
|
0-0: Called Strike 0-1: 3-RUN HOME RUN (Flyball, 7D, EV 94.4 MPH), Distance : 366 ft
|
Batting: LHB Al Chambers
|
0-0: Ball 1-0: SOLO HOME RUN (Flyball, 89XD, EV 113.1 MPH), Distance : 395 ft
|
Batting: RHB Nicholas Kintz
|
0-0: Called Strike 0-1: Ball 1-1: Ball 2-1: Foul Ball, location: 2F 2-2: Ball 3-2: Base on Balls
|
Batting: LHB William Gifford
|
0-0: Called Strike 0-1: Ball 1-1: Grounds into double play, U3-6 (Groundball, 3L, EV 78.8 MPH)
|
Batting: SHB Bruce Hines
|
0-0: Ball 1-0: Ball 2-0: Called Strike 2-1: Ball 3-1: Base on Balls
|
Batting: LHB Dave Sanchez
|
0-0: Swinging Strike 0-1: Ball 1-1: Ball 2-1: Ball 3-1: Base on Balls Bruce Hines to second
|
Batting: SHB Wayne Rudolph
|
0-0: Foul Ball, location: 2F 0-1: Ground out 5-3 (Groundball, 56S, EV 82.5 MPH)
|
Bottom of the 6th over - 4 runs, 4 hits, 0 errors, 2 left on base; Merida 0 - La Ceiba 12 |
TOP OF THE 7TH |
Merida Olas batting - Pitching for La Ceiba Manatees : RHP Antonio Atayde
|
Batting: RHB Dave F Schmidt
|
0-0: Swinging Strike 0-1: Ball 1-1: Foul Ball, location: 2F 1-2: Ball 2-2: Strikes out swinging
|
Pitching: LHP Elmer Cavner
|
|
Pinch Hitting: RHB Joseph Stewart
|
0-0: Foul Ball, location: 2F 0-1: Swinging Strike 0-2: Ground out 1-3 (Groundball, 34S, EV 91.3 MPH)
|
Batting: RHB Leroy Stanton
|
0-0: DOUBLE (Line Drive, 3D, EV 98.8 MPH)
|
Pinch Hitting: RHB Ronald Hess
|
0-0: Ball 1-0: Ball 2-0: Ball 3-0: Base on Balls
|
Pinch Hitting: SHB Mike Turgeon
|
0-0: Ball 1-0: Called Strike 1-1: SINGLE (Line Drive, 8LS, EV 105.6 MPH) Leroy Stanton to third Ronald Hess to second Runner from 3rd tries for Home, SAFE, throw by CF to trailing runner, OUT at third! 8-5
|
Top of the 7th over - 1 run, 2 hits, 0 errors, 1 left on base; Merida 1 - La Ceiba 12 |
BOTTOM OF THE 7TH |
La Ceiba Manatees batting - Pitching for Merida Olas : LHP Glen Tackitt
|
Now at 1B: Mike Turgeon
|
|
Now at 3B: Ronald Hess
|
|
Now in RF: Joseph Stewart
|
|
Batting: LHB Bob Skube
|
0-0: Called Strike 0-1: TRIPLE (Line Drive, 78XD, EV 104.4 MPH)
|
Batting: RHB Juan Villa
|
0-0: Ball 1-0: DOUBLE (Flyball, 8LD, EV 102.5 MPH) Bob Skube scores
|
Pinch Hitting: RHB Pat D Kelly
|
0-0: Foul Ball, location: 2F 0-1: SINGLE (Line Drive, 8RS, EV 96.9 MPH) Juan Villa to third Runner from 3rd tries for Home, SAFE, throw by CF to home
|
Pitching: LHP Trevor Faugno
|
|
Batting: LHB Al Chambers
|
0-0: Ball 1-0: Called Strike 1-1: Ball 2-1: Ball 3-1: Base on Balls Pat D Kelly to second
|
Batting: RHB Nicholas Kintz
|
0-0: Ball 1-0: Ball 2-0: Ball 3-0: Base on Balls Pat D Kelly to third Al Chambers to second
|
Batting: LHB William Gifford
|
0-0: Ball 1-0: Ball 2-0: Fly out, F3 (Popup, 3F, EV 82.5 MPH)
|
Batting: SHB Bruce Hines
|
0-0: Called Strike 0-1: Ball 1-1: Fielders Choice at 2nd, 3-6 (Groundball, 34, EV 86.9 MPH) Pat D Kelly scores Al Chambers to third
|
Batting: LHB Dave Sanchez
|
0-0: Swinging Strike 0-1: Swinging Strike 0-2: Ball 1-2: Strikes out swinging
|
Bottom of the 7th over - 3 runs, 3 hits, 0 errors, 2 left on base; Merida 1 - La Ceiba 15 |
TOP OF THE 8TH |
Merida Olas batting - Pitching for La Ceiba Manatees : LHP Elmer Cavner
|
Now at 1B: Alejandro Sanchez
|
|
Pinch Hitting: RHB Ronald Evans
|
0-0: Called Strike 0-1: SINGLE (Line Drive, 89M, EV 86.9 MPH)
|
Batting: RHB Lee Muszynski
|
0-0: Ball 1-0: Swinging Strike 1-1: Ball 2-1: Foul Ball, location: 2F 2-2: Strikes out swinging
|
Pitching: LHP Buddy Black
|
|
Batting: RHB Barry Evans
|
0-0: Foul Ball, location: 2F 0-1: Ball 1-1: Ball 2-1: SINGLE (Flyball, 9LM, EV 93.8 MPH) Ronald Evans to second
|
Batting: RHB Willie Darkis
|
0-0: Called Strike 0-1: Swinging Strike 0-2: Ball 1-2: Strikes out swinging
|
Batting: RHB Dave F Schmidt
|
0-0: Ball 1-0: Ball 2-0: Ball 3-0: Called Strike 3-1: Base on Balls Ronald Evans to third Barry Evans to second
|
Batting: RHB Joseph Stewart
|
0-0: Foul Ball, location: 2F 0-1: Ball 1-1: Ball 2-1: Ball 3-1: Foul Ball, location: 2F 3-2: Base on Balls Ronald Evans scores Barry Evans to third Dave F Schmidt to second
|
Batting: RHB Leroy Stanton
|
0-0: Ball 1-0: Ball 2-0: Called Strike 2-1: Ball 3-1: Swinging Strike 3-2: Base on Balls Barry Evans scores Dave F Schmidt to third Joseph Stewart to second
|
Batting: RHB Ronald Hess
|
0-0: Ball 1-0: Ball 2-0: Fielders Choice at 2nd, 6-4 (Groundball, 6, EV 83.8 MPH)
|
Top of the 8th over - 2 runs, 2 hits, 0 errors, 3 left on base; Merida 3 - La Ceiba 15 |
BOTTOM OF THE 8TH |
La Ceiba Manatees batting - Pitching for Merida Olas : LHP Trevor Faugno
|
Now at 2B: Wayne Krenchicki
|
|
Batting: SHB Wayne Rudolph
|
0-0: Foul Ball, location: 2F 0-1: Ball 1-1: Ball 2-1: Foul Ball, location: 2F 2-2: Fly out, F5 (Line Drive, 5, EV 75.0 MPH)
|
Batting: LHB Bob Skube
|
0-0: Ball 1-0: Ball 2-0: Foul Ball, location: 2F 2-1: Foul Ball, location: 2F 2-2: Ball 3-2: Ground out 1-3 (Groundball, P, EV 85.6 MPH)
|
Batting: RHB Juan Villa
|
0-0: Foul Ball, location: 2F 0-1: Swinging Strike 0-2: Strikes out looking
|
Bottom of the 8th over - 0 runs, 0 hits, 0 errors, 0 left on base; Merida 3 - La Ceiba 15 |
TOP OF THE 9TH |
Merida Olas batting - Pitching for La Ceiba Manatees : LHP Buddy Black
|
Pinch Hitting: RHB Thomas Vessey
|
0-0: Ball 1-0: Called Strike 1-1: Foul Ball, location: 2F 1-2: SINGLE (Groundball, 56, EV 100.6 MPH)
|
Batting: LHB Wayne Krenchicki
|
0-0: Ball 1-0: Called Strike 1-1: Ball 2-1: Foul Ball, location: 2F 2-2: SINGLE (Groundball, 2L, EV 61.9 MPH) (infield hit) Thomas Vessey to second
|
Batting: RHB Lee Muszynski
|
0-0: Fly out, F7 (Line Drive, 7D, EV 90.6 MPH) Runner from 2nd tags up, SAFE at 3rd, no throw by LF
|
Batting: RHB Barry Evans
|
0-0: Called Strike 0-1: SINGLE (Groundball, 6MD, EV 103.1 MPH) Thomas Vessey scores Wayne Krenchicki to second
|
Batting: RHB Willie Darkis
|
0-0: Ball 1-0: Swinging Strike 1-1: Ball 2-1: Swinging Strike 2-2: Strikes out swinging
|
Batting: RHB Dave F Schmidt
|
0-0: Called Strike 0-1: Ball 1-1: Ball 2-1: SINGLE (Groundball, 6D, EV 96.3 MPH) Wayne Krenchicki to third Barry Evans to second
|
Pitching: LHP Bob Ojeda
|
|
Batting: RHB Joseph Stewart
|
0-0: Ball 1-0: Called Strike 1-1: Swinging Strike 1-2: Fielders Choice at 2nd, 6-4 (Groundball, 6, EV 86.3 MPH)
|
Top of the 9th over - 1 run, 4 hits, 0 errors, 3 left on base; Merida 4 - La Ceiba 15 |
|